 Dungeon Crawl Stone Soup version 0.21-a0-227-g58a7c62 (webtiles) character file.

180472 motkurip the Slinger (level 17, 0/157 HPs)
             Began as a Naga Ice Elementalist on Aug 29, 2017.
             Was the Champion of Cheibriados.
             Engulfed by a cloud of freezing vapour (43 damage)
             ... in an ice cave on Aug 30, 2017.
             The game lasted 03:10:03 (38763 turns).

motkurip the Slinger (Naga Ice Elementalist)       Turns: 38763, Time: 03:10:05

Health: 0/157      AC: 11    Str: 26    XL:     17   Next: 92%
Magic:  24/24      EV: 14    Int: 32    God:    Cheibriados [******]
Gold:   2750       SH: 21    Dex: 32    Spells: 7/26 levels left

rFire    + + .     SeeInvis +   X - +9 fustibalus (flame)
rCold    + . .     Gourm    .   S - +0 large shield
rNeg     . . .     Faith    .   y - +2 robe {rF+}
rPois    +         Spirit   .   Q - +1 helmet {SInv}
rElec    .         Reflect  .   (no cloak)
rCorr    .         Harm     .   u - +0 pair of gloves
MR       +++..                  (no barding)
Stlth    ++++......             (no amulet)
HPRegen  0.36/turn              V - ring "Dinuamn" {rF+ MR+}
MPRegen  0.19/turn              U - ring of protection from cold

@: very slow
A: see invisible, deformed body, poison resistance, slowness 2, slow metabolism
1, spit poison 1, constrict 1, AC +5
}: 1/15 runes: gossamer
a: Spit Poison, Bend Time, Temporal Distortion, Slouch, Step From Time, Renounce
Religion


You were in an ice cave.
You worshipped Cheibriados.
Cheibriados was exalted by your worship.
You were not hungry.

You visited 6 branches of the dungeon, and saw 32 of its levels.
You visited the Abyss 1 time.
You also visited: Sewer, Ice Cave and Volcano.

You collected 3900 gold pieces.
You spent 1150 gold pieces at shops.

Inventory:

Hand Weapons
 A - a +1 trident of venom
 X - a +9 fustibalus of flaming (weapon)
Missiles
 p - 468 stones (quivered)
 O - 169 sling bullets
Armour
 u - a +0 pair of gloves (worn)
 y - a +2 robe of fire resistance (worn)
 Q - a +1 helmet of see invisible (worn)
 S - a +0 large shield (worn)
Jewellery
 q - a +2 ring of evasion
 w - an uncursed ring of resist corrosion
 E - an uncursed ring of protection from magic
 U - a ring of protection from cold (right hand)
 V - the ring "Dinuamn" (left hand) {rF+ MR+}
   (You bought it in a shop on level 2 of the Orcish Mines)

   [ring of protection from magic]

   It protects you from fire.
   It affects your resistance to hostile enchantments.
 W - an uncursed ring of fire
Wands
 z - a wand of clouds (2/9)
 D - a wand of acid (2/15)
 M - a wand of digging (13/24)
Scrolls
 a - 5 scrolls of teleportation
 f - a scroll of fog
 j - a scroll of fear {unknown}
 m - a scroll of holy word
 n - 6 scrolls of identify
 o - 2 scrolls of recharging
 s - 6 scrolls of amnesia
 t - 12 scrolls of remove curse
 v - 2 scrolls of blinking
 F - a scroll of silence
 L - a scroll of summoning
Potions
 b - 3 potions of heal wounds
 g - a potion of magic
 h - 6 potions of ambrosia
 r - 2 potions of might
 x - 9 potions of curing
 B - a potion of cancellation {unknown}
 C - 4 potions of brilliance {unknown}
 G - 9 potions of mutation {unknown}
 J - a potion of invisibility {unknown}
 K - 5 potions of flight
 N - 3 potions of berserk rage {unknown}
 Z - 4 potions of agility {unknown}
Books
 d - a book of Debilitation

   Spells                             Type                      Level
   a - Corona                         Hexes                        1
   b - Slow                           Hexes                        2
   c - Inner Flame                    Hexes/Fire                   3
   d - Portal Projectile              Hexes/Translocation          3
   e - Cause Fear                     Hexes                        4
   f - Leda's Liquefaction            Hexes/Earth                  4
 e - the Incunabulum of Venomous Changing
   (You found it on level 14 of the Dungeon)

   Spells                             Type                      Level
   a - Passwall                       Transmutation/Earth          2
   b - Spider Form                    Transmutation/Poison         3
   c - Petrify                        Transmutation/Earth          4
   d - Alistair's Intoxication        Transmutation/Poison         5
 Y - a book of Battle

   Spells                             Type                      Level
   a - Infusion                       Charms                       1
   b - Shroud of Golubria             Charms/Translocation         2
   c - Song of Slaying                Charms                       2
   d - Spectral Weapon                Hexes/Charms                 3
   e - Regeneration                   Charms/Necromancy            3
Miscellaneous
 k - a phial of floods
 H - 2 phantom mirrors
Comestibles
 c - 24 bread rations
 l - 9 meat rations


   Skills:
 - Level 11.0 Fighting
 - Level 14.0 Polearms
 - Level 14.2 Slings
 - Level 5.2 Dodging
 - Level 6.0 Stealth
 + Level 12.8 Shields
 - Level 5.0 Spellcasting
   Level 1.0 Conjurations
 - Level 1.2 Hexes
 - Level 3.1 Charms
 - Level 5.1 Summonings
 - Level 7.4 Ice Magic
 - Level 6.0 Air Magic
 - Level 7.0 Invocations


You had 7 spell levels left.
You knew the following spells:

 Your Spells              Type           Power        Failure   Level  Hunger
b - Summon Ice Beast      Ice/Summ       #####...     6%          4    ###....
c - Spectral Weapon       Hex/Chrm       ###.....     10%         3    None
f - Freeze                Ice            ####         1%          1    None
k - Animate Skeleton      Necr           N/A          8%          1    None
l - Summon Lightning Spi  Summ/Air       #####...     8%          4    ###....
o - Ozocubu's Armour      Chrm/Ice       #####...     2%          3    None
r - Regeneration          Chrm/Necr      ###.......   13%         3    None


Dungeon Overview and Level Annotations

Branches:
Dungeon (15/15)            Temple (1/1) D:5            Lair (6/6) D:10
  Swamp (4/4) Lair:2       Spider (4/4) Lair:3        Slime (0/5) Lair:5
    Orc (2/2) D:11            Elf (0/3) Orc:2        Vaults (0/5) D:13
 Depths (0/5) D:15

Altars:
Cheibriados
Dithmenos
Elyvilon
Okawaru
Ru
Sif Muna
Trog
Uskayaw
Vehumet
Zin
Beogh
Jiyva

Shops:
D:6 :   Orc:2 }=*}

Portals:
Trove: D:10 (give +5 ice dragon scales)

Annotations:
D:14 exclusion: Roxanne, Roxanne
Lair:5 1 runed door


Innate Abilities, Weirdness & Mutations

You cannot wear boots.
Your serpentine skin is tough. (AC +5)
You have supernaturally acute eyesight. (SInv)
Armour fits poorly on your strangely shaped body.
Your system is resistant to poisons. (rPois)
You cover ground very slowly.
You have a slow metabolism.
You can spit poison.
You can use your snake-like lower body to constrict enemies.


Message History

You are engulfed in freezing vapours.
You resist. You block the ice devil's attack.
Firing (i - inventory. (,) - cycle):
p - 469 stones (quivered)
Press: ? - help, Shift-Dir - straight line, f/p - ice devil
Aim: an ice devil (freezing vapour, almost dead)
You shoot a stone. The stone hits the ice devil!!
The stone burns the ice devil.
You kill the ice devil!
Cheibriados thoroughly appreciates the change of pace.
You are engulfed in freezing vapours.
You resist.
You are engulfed in freezing vapours.
You resist.
You are engulfed in freezing vapours.
You resist.
* * * LOW HITPOINT WARNING * * *
Unknown command.
Unknown command.
Unknown command.
You enter the shallow water.
Moving in this stuff is going to be slow.
You are engulfed in freezing vapours.
You resist.
You die...

#..§§. . ##.§≈.. ..
#(§§§§ ## #..####.§§.
§### ##.§§.§§.§ §§≈###
...§§§§§§ .§§§≈#
#.§.§§§§## .###≈≈
#§§@### ...####
###§§§##
......###########§§§##
.#.........##..[##§§§##
###.#...........[###.§#
# ######..##.....##§..#
#...##....####..##
#...###.###...###
##....###....##


There were no monsters in sight!

Vanquished Creatures
  3 tentacled starspawn (Abyss:2)
  A tengu reaver (D:14)
  7 ghost moths
  3 emperor scorpions (Spider:4)
  Louise (D:14)
  An entropy weaver (Spider:3)
  A spark wasp (Spider:4)
  An eidolon (Abyss:2)
  An ettin (Orc:2)
  An ogre mage (Orc:2)
  9 hydras
  A catoblepas (Lair:5)
  3 centaur warriors (D:14)
  A dancing weapon (Volcano)
  7 two-headed ogres
  3 death yaks (Lair:3)
  4 alligators
  4 skeletal warriors (D:14)
  2 glowing orange brains (Abyss:2)
  An unseen horror (D:11)
  2 spriggan druids
  A swamp dragon (Swamp:1)
  A deep troll (Orc:2)
  3 wizards (Volcano)
  An orc knight (Orc:1)
  28 wolf spiders
  10 orb spiders
  A deep elf mage (D:14)
  5 moths of wrath
  An ugly thing (D:11)
  3 black mambas (Lair:6)
  5 large abominations (Abyss:2)
  3 toenail golems (Volcano)
  A manticore (D:14)
  4 cyclopes
  2 molten gargoyles (Lair:6)
  2 torpor snails (Spider:4)
  2 ice statues (IceCv)
  A water nymph (shapeshifter) (Abyss:2)
  A smoke demon (Abyss:2)
  8 spiny frogs
  A gargoyle (D:11)
  2 rime drakes
  15 demonic crawlers
  A hellion (Abyss:2)
  2 efreet
  An ancient zyme (Abyss:2)
  5 komodo dragons
  25 starcursed masses (Abyss:2)
  A hellwing (Abyss:2)
  A tengu conjurer (D:14)
  4 ice devils (IceCv)
  26 jumping spiders
  4 trolls
  8 hornets
  14 blink frogs
  3 tyrant leeches (Swamp:3)
  8 bog bodies
  5 slime creatures
  2 polar bears
  9 hippogriffs
  2 spriggans
  91 redbacks
  2 ynoxinuls (Abyss:2)
  A shadow (D:14)
  20 tarantellas
  16 yaks
  3 wraiths
  6 wyverns
  3 basilisks
  2 neqoxecs (Abyss:2)
  2 hungry ghosts
  4 vampire mosquitoes
  7 insubstantial wisps
  14 swamp worms
  An acid dragon (D:14)
  11 water moccasins
  9 porcupines
  3 hell hounds (Lair:6)
  12 orc warriors
  3 small abominations (Abyss:2)
  15 ice beasts
  2 phantoms
  A black bear (D:11)
  7 swamp drakes
  4 necrophages
  6 sky beasts
  3 wolves (Lair:1)
  14 ogres
  12 centaurs
  18 crocodiles
  2 big kobolds
  A gnoll sergeant (D:10)
  16 bullfrogs
  2 scorpions
  18 wights
  17 killer bees
  7 howler monkeys
  3 lava snakes (Lair:6)
  5 centaur zombies
  5 crimson imps
  A bullfrog zombie (D:9)
  7 orc priests
  8 hounds
  3 quasits
  3 bullfrog skeletons
  5 centaur skeletons
  A jelly (D:8)
  20 orc wizards
  An iron imp (Abyss:2)
  3 iguanas
  9 worker ants
  A hound zombie (D:9)
  A howler monkey zombie (D:8)
  9 gnolls
  10 adders
  A river rat (Sewer)
  5 shadow imps
  4 white imps
  5 ufetubi (IceCv)
  An adder skeleton (D:7)
  2 worms
  3 dart slugs
  5 leopard geckos
  68 orcs
  3 ball pythons
  6 bats
  9 giant cockroaches
  12 goblins
  5 hobgoblins (D:3)
  14 jackals
  5 quokkas
  7 frilled lizards
  A giant cockroach zombie (D:6)
  A jackal skeleton (D:5)
  22 kobolds
  A leopard gecko skeleton (D:4)
  A quokka zombie (D:8)
  12 rats
  2 plants (D:10)
  A spectral weapon (D:14)
  3 starspawn tentacles (Abyss:2)
928 creatures vanquished.

Vanquished Creatures (collateral kills)
  The ghost of George the Fencer, an adept MiFi of the Shining One (Spider:4)
  3 emperor scorpions (Spider:4)
  2 entropy weavers (Spider:1)
  An ogre mage (Orc:2)
  2 hydras
  A tengu warrior (D:14)
  4 two-headed ogres
  An alligator (Swamp:3)
  2 death yaks (Lair:3)
  A skeletal warrior (D:14)
  3 wizards
  A shambling mangrove (Swamp:1)
  An orb spider (Spider:2)
  An oklob plant (Lair:6)
  The ghost of tof the Cruncher, a novice MiGl of Hepliaklqana (D:7)
  2 wolf spiders
  A cyclops (Orc:2)
  A black mamba (Lair:5)
  A worldbinder (Abyss:2)
  A centaur skeleton (D:13)
  A spiny frog (Swamp:1)
  An orange demon (Abyss:2)
  A kobold demonologist (D:13)
  2 komodo dragons
  2 demonic crawlers (Spider:2)
  A hellwing (Abyss:2)
  4 jumping spiders
  9 trolls
  A merfolk (D:10)
  A hornet (Spider:1)
  A polar bear (Lair:2)
  Prince Ribbit (Lair:1)
  9 blink frogs
  A hippogriff (D:9)
  4 redbacks
  5 starcursed masses (Abyss:2)
  8 yaks
  2 wyverns
  A basilisk (Lair:6)
  A vampire mosquito (Swamp:2)
  3 steam dragons
  A warg (Orc:2)
  A large abomination (Abyss:2)
  3 water moccasins
  A hell hound (Lair:6)
  6 orc warriors
  A porcupine (Lair:2)
  A swamp drake (Lair:2)
  A sky beast (D:6)
  2 ice beasts (D:15)
  15 ogres
  A phantom (D:8)
  3 wolves (Lair:1)
  2 small abominations (Abyss:2)
  4 centaurs
  4 crocodiles
  2 big kobolds
  2 bullfrogs
  A scorpion (D:11)
  2 killer bees
  9 wights
  A howler monkey (D:11)
  2 lava snakes (Lair:6)
  3 crimson imps
  A hound (D:14)
  A jelly (D:8)
  A quasit (D:8)
  4 orc priests
  5 orc wizards
  A bullfrog skeleton (D:6)
  An iguana (Lair:2)
  A worker ant (D:9)
  8 gnolls
  An adder (D:4)
  A shadow imp (D:13)
  3 white imps (IceCv)
  3 ufetubi (IceCv)
  A leopard gecko (D:9)
  21 orcs
  A quokka (D:9)
  4 kobolds (D:13)
  3 fungi
  A plant (Lair:1)
220 creatures vanquished.

Vanquished Creatures (others)
  The ghost of Leszczynek the Grappler, a journeyman TrSk of the Shining One (D:14)
  A centaur warrior (D:14)
  A two-headed ogre (Orc:2)
  An orc high priest (Orc:2)
  A deep troll (Orc:2)
  An unseen horror (D:11)
  2 cyclopes
  A deep elf mage (D:14)
  A manticore (D:11)
  2 toenail golems (Volcano)
  A molten gargoyle (Lair:6)
  A centaur skeleton (D:12)
  2 kobold demonologists
  A blink frog (Lair:6)
  2 hippogriffs (Lair:6)
  3 yaks
  A warg (Orc:2)
  2 white imps (IceCv)
  2 ufetubi (IceCv)
  3 orcs
  17 fungi
  7 plants
  2 spectral weapons
  8 starspawn tentacles (Abyss:2)
64 creatures vanquished.

Grand Total: 1212 creatures vanquished

Notes
Turn   | Place    | Note
-------+----------+-------------------------------------------
     0 | D:1      | motkurip the Naga Ice Elementalist began the quest for the Orb.
     0 | D:1      | Reached XP level 1. HP: 15/15 MP: 3/3
   296 | D:1      | Reached XP level 2. HP: 22/22 MP: 1/5
   303 | D:1      | Learned a level 2 spell: Throw Frost
   936 | D:1      | Reached XP level 3. HP: 28/28 MP: 4/6
  1007 | D:1      | Learned a level 3 spell: Ozocubu's Armour
  1391 | D:2      | Reached skill level 1 in Charms
  1611 | D:2      | You fall through a shaft!
  1811 | D:5      | Entered Level 5 of the Dungeon
  2162 | D:4      | Reached XP level 4. HP: 31/36 MP: 2/7
  2865 | D:3      | Found a sacrificial altar of Ru.
  2883 | D:3      | Reached XP level 5. HP: 41/42 MP: 5/8
  3117 | D:3      | Reached skill level 5 in Ice Magic
  3219 | D:3      | Learned a level 4 spell: Summon Ice Beast
  3566 | D:3      | Reached skill level 1 in Summonings
  3810 | D:4      | Reached XP level 6. HP: 49/49 MP: 5/10
  5078 | D:4      | Reached XP level 7. HP: 55/55 MP: 11/11
  5427 | D:5      | Found a staircase to the Ecumenical Temple.
  5432 | Temple   | Entered the Ecumenical Temple
  5443 | Temple   | Became a worshipper of Cheibriados the Contemplative
  5888 | D:5      | Reached skill level 5 in Summonings
  6434 | D:6      | Found Genoyhut's Book Shop.
  6479 | D:6      | Found a glowing drain.
  6489 | Sewer    | Entered a sewer
  6600 | Sewer    | Reached * piety under Cheibriados
  6685 | Sewer    | Found a glowing silver altar of Zin.
  6846 | D:6      | Reached XP level 8. HP: 60/62 MP: 7/12
  7151 | D:6      | Reached skill level 1 in Fighting
  7664 | D:6      | Reached ** piety under Cheibriados
  7809 | D:7      | Noticed tof's ghost (novice MiGl)
  7830 | D:7      | Killed tof's ghost
  7830 | D:7      | Reached skill level 5 in Fighting
  7948 | D:7      | Found a deep blue altar of Sif Muna.
  7983 | D:7      | Reached XP level 9. HP: 80/82 MP: 5/13
  8001 | D:7      | Reached skill level 1 in Polearms
  8684 | D:8      | Noticed a two-headed ogre
  8689 | D:8      | Killed a two-headed ogre
  8959 | D:8      | Reached skill level 5 in Polearms
  8997 | D:8      | Reached *** piety under Cheibriados
  9796 | D:8      | Found an iron altar of Okawaru.
  9886 | D:8      | Reached XP level 10. HP: 85/94 MP: 1/14
 10259 | D:8      | Reached **** piety under Cheibriados
 10290 | D:8      | Learned a level 1 spell: Animate Skeleton
 11213 | D:9      | Reached ***** piety under Cheibriados
 11215 | D:9      | Reached skill level 5 in Stealth
 11776 | D:10     | Entered Level 10 of the Dungeon
 11871 | D:10     | Reached skill level 1 in Invocations
 12215 | D:10     | Found a staircase to the Lair.
 12353 | D:10     | Reached skill level 1 in Shields
 12353 | D:10     | Reached XP level 11. HP: 104/104 MP: 7/15
 12613 | D:10     | Noticed a two-headed ogre
 12623 | D:10     | Killed a two-headed ogre
 12623 | D:10     | Reached skill level 5 in Invocations
 12682 | D:10     | Found a portal to a secret trove of treasure.
 13383 | Lair:1   | Entered Level 1 of the Lair of Beasts
 13556 | Lair:1   | Noticed Prince Ribbit
 13561 | Lair:1   | Killed Prince Ribbit
 13881 | Lair:1   | Reached ****** piety under Cheibriados
 14103 | Lair:1   | Noticed a seven-headed hydra
 14106 | Lair:1   | HP: 3/104 [seven-headed hydra (3)]
 14703 | Lair:1   | Killed an eight-headed hydra
 14794 | Lair:2   | Reached skill level 10 in Polearms
 14865 | Lair:2   | Noticed a seven-headed hydra
 14874 | Lair:2   | Killed a seven-headed hydra
 15131 | Lair:2   | Noticed an eight-headed hydra
 15144 | Lair:2   | Killed an eight-headed hydra
 15335 | Lair:2   | Reached skill level 5 in Shields
 15335 | Lair:2   | Reached XP level 12. HP: 103/112 MP: 3/17
 15550 | Lair:2   | Found a staircase to the Swamp.
 15976 | D:6      | Bought a book of Battle for 560 gold pieces
 15980 | D:6      | Learned a level 3 spell: Spectral Weapon
 15984 | D:6      | Learned a level 3 spell: Regeneration
 16504 | Lair:3   | Found a hole to the Spider Nest.
 16555 | Lair:3   | Noticed a death yak
 16626 | Lair:3   | Noticed a death yak
 16628 | Lair:3   | Noticed a death yak
 16630 | Lair:3   | Noticed a death yak
 16632 | Lair:3   | Noticed a death yak
 16892 | Lair:3   | Upgraded the game from 0.21-a0-225-g207ae17 to 0.21-a0-227-g58a7c62
 17414 | D:11     | Found a roughly hewn altar of Beogh.
 17414 | D:11     | Found a staircase to the Orcish Mines.
 17600 | D:11     | Reached skill level 1 in Hexes
 18476 | Orc:1    | Entered Level 1 of the Orcish Mines
 18848 | Orc:2    | Entered Level 2 of the Orcish Mines
 18969 | D:11     | Noticed a four-headed hydra
 19143 | D:6      | Bought a book of Callings for 420 gold pieces
 19152 | D:6      | Learned a level 4 spell: Summon Lightning Spire
 19331 | Orc:2    | Reached skill level 1 in Air Magic
 19351 | Orc:2    | Gained mutation: You can use your snake-like lower body to constrict enemies. [Naga growth]
 19351 | Orc:2    | Reached XP level 13. HP: 122/122 MP: 14/18
 19396 | Orc:2    | Found a staircase to the Elven Halls.
 19434 | Orc:2    | Found Jasir's Gadget Boutique.
 19440 | Orc:2    | Noticed an ogre mage
 19450 | Orc:2    | Reached skill level 10 in Fighting
 19457 | Orc:2    | Noticed an ettin
 19476 | Orc:2    | Reached skill level 5 in Air Magic
 19479 | Orc:2    | Killed an ettin
 19659 | Orc:2    | Found Wozoguge's Assorted Antiques.
 19660 | Orc:2    | Found Yparhun's Gadget Emporium.
 19663 | Orc:2    | Bought a flickering steel ring for 170 gold pieces
 19664 | Orc:2    | Identified the ring "Dinuamn" {rF+ MR+} (You bought it in a shop on level 2 of the Orcish Mines)
 19675 | Orc:2    | Found Jefoy's Jewellery Shop.
 19677 | Orc:2    | Noticed an ogre mage
 19772 | Orc:2    | Killed an ogre mage
 19843 | Orc:2    | Killed an ogre mage
 19940 | Orc:2    | Found a roughly hewn altar of Beogh.
 20157 | Orc:2    | Found a bloodstained altar of Trog.
 21073 | Lair:4   | Found a dark tunnel.
 21083 | Volcano  | Entered a volcano
 21317 | Volcano  | Reached XP level 14. HP: 133/133 MP: 12/19
 22161 | Lair:5   | Found a runed door.
 22161 | Lair:5   | Found a viscous altar of Jiyva.
 22161 | Lair:5   | Found a staircase to the Slime Pits.
 22161 | Lair:5   | Noticed an acid blob
 22166 | Lair:5   | Learned a level 3 spell: Spectral Weapon
 22890 | Lair:6   | Entered Level 6 of the Lair of Beasts
 23929 | Lair:6   | Found a large runed door.
 23929 | Lair:6   | Found a large runed door.
 25103 | D:12     | Reached skill level 5 in Spellcasting
 25411 | D:13     | Found a gate to the Vaults.
 25495 | D:13     | Found a shadowy altar of Dithmenos.
 25962 | D:14     | Noticed Leszczynek's ghost (journeyman TrSk)
 25968 | D:14     | Banished Leszczynek's ghost
 25985 | D:14     | Noticed Louise
 25995 | D:14     | Noticed a tengu reaver
 25997 | D:14     | Killed Louise
 26003 | D:14     | Killed a tengu reaver
 26226 | Lair:3   | Reached skill level 5 in Dodging
 26226 | Lair:3   | Reached XP level 15. HP: 132/141 MP: 8/22
 26274 | Spider:1 | Entered Level 1 of the Spider Nest
 26277 | Lair:3   | Cast into level 2 of the Abyss (a distortion unwield)
 26312 | Abyss:2  | Noticed a tentacled starspawn
 26319 | Abyss:2  | Killed a tentacled starspawn
 26319 | Abyss:2  | Reached skill level 1 in Slings
 26705 | Abyss:2  | Noticed a tentacled starspawn
 26714 | Abyss:2  | Killed a tentacled starspawn
 26724 | Abyss:2  | Reached skill level 5 in Slings
 26860 | Abyss:2  | Found a corrupted altar of Lugonu.
 26885 | Abyss:2  | Noticed a daeva
 27057 | Abyss:2  | Noticed a tentacled starspawn
 27076 | Abyss:2  | Killed a tentacled starspawn
 27105 | Lair:3   | Escaped the Abyss
 27940 | Swamp:1  | Entered Level 1 of the Swamp
 28297 | Swamp:1  | Identified a scroll of acquirement
 30097 | Swamp:3  | Reached skill level 10 in Slings
 30097 | Swamp:3  | Reached XP level 16. HP: 127/150 MP: 15/23
 30821 | Swamp:4  | Entered Level 4 of the Swamp
 34872 | Spider:4 | Entered Level 4 of the Spider Nest
 34879 | Spider:4 | Reached XP level 17. HP: 144/157 MP: 8/24
 35280 | Spider:4 | Reached skill level 10 in Shields
 35851 | Spider:4 | Noticed George's ghost (adept MiFi)
 36062 | Spider:4 | Killed George's ghost
 36871 | Spider:4 | Got a gossamer rune of Zot
 37297 | D:14     | Noticed Roxanne
 37878 | D:14     | Identified the Incunabulum of Venomous Changing
 38427 | D:15     | Entered Level 15 of the Dungeon
 38466 | D:15     | Found a frozen archway.
 38495 | IceCv    | Entered an ice cave
 38763 | IceCv    | Engulfed by a cloud of freezing vapour

Vault maps used:
D:1:      nzn_arrival_depleted_hourglass, columned_hall_lemuel,
          minmay_small_reverse_x
D:3:      nicolae_ru_great_annihilating_truth
D:5:      minmay_temple_entry_glassed_door, first_bread, dk_noncrumbling_3,
          hangedman_abyss_or_decor_lesser_grid
D:6:      cheibrodos_sewer_entry_drain, serial_shops, shop
D:7:      basic_altar, chequers_big_river
D:8:      lemuel_round_altar
D:10:     dpeg_oklobed_lair, nicolae_trove_entry_crystal, hangedman_fish_farm
D:11:     david_orc_5, moated_statue, kennysheep_generic_room_2
D:12:     minmay_misc_feat_roman, serial_park_tiny_1
D:13:     david_vaults_1, hangedman_decor_clover_reticule,
          grunt_dithmenos_shadows
D:14:     hourglass_vault, hangedman_decor_growths, billiards_dpeg, uniq_louise,
          uniq_roxanne
D:15:     hangedman_depths_entry_try_elsewhere_first,
          portal_ice_cave_entry_ice_beasts, serial_shops, shop,
          nicolae_shop_temple_entry_statues_fountains, minmay_misc_feat_rows
Temple:   regret_index_temple_sigil_plot
Lair:1:   minivault_26, uniq_prince_ribbit2
Lair:2:   minmay_swamp_entry_reptiles, grunt_forest_stairs_basic,
          guppyfry_lair_drakes, grunt_megastairs_4
Lair:3:   spider_nest_entry_funnel_web, infiniplex_staircase_pool_2
Lair:4:   lightli_volcano_entry_magma_tube, serial_bayou_pond_a
Lair:5:   slime_altar_2
Lair:6:   cheibrodos_lair_end_hotspot, minivault_23, serial_bayou_shore_b
Swamp:1:  evilmike_swamp_ruin_house_6, swamp_pool5
Swamp:2:  hangedman_swamp_cone
Swamp:3:  nicolae_swamp_very_dense_foliage, infiniplex_staircase_pool
Swamp:4:  swamp_old_school, grunt_lady_of_the_lake
Spider:3: hangedman_spider_mandibles
Spider:4: grunt_spider_rune_circles
Orc:2:    st_orc_open, basic_altar, trog_book
Sewer:    sewer_kobolds
IceCv:    ice_cave_small_demon
Volcano:  volcano_bunker

Skill      XL: |  1  2  3  4  5  6  7  8  9 10 11 12 13 14 15 16 17 |
---------------+----------------------------------------------------+-----
Ice Magic      | 4 5 6 7 |  7.4
Charms         | 2 3 |  3.1
Spellcasting   | 3 5 |  5.0
Summonings     | 1 4 5 |  5.1
Fighting       | 5 7 8 9 10 11 | 11.0
Polearms       | 6 9 10 11 12 14 | 14.0
Stealth        | 6 |  6.0
Invocations    | 3 7 |  7.0
Shields        | 1 5 8 9 12 | 12.8
Hexes          | 1 |  1.2
Air Magic      | 1 6 |  6.0
Dodging        | 5 |  5.2
Slings         | 10 13 14 | 14.2
Conjurations   | |  1.0

Action                   |  1- 3 |  4- 6 |  7- 9 | 10-12 | 13-15 | 16-18 || total
-------------------------+-------+-------+-------+-------+-------+-------++-------
Melee: Dagger            |    40 |   115 |   121 |       |       |       ||   276
       Short sword       |     1 |       |       |       |       |       ||     1
       Halberd           |       |       |    98 |   417 |       |       ||   515
       Spear             |       |       |       |    50 |    73 |     8 ||   131
       Trident           |       |       |       |   250 |   697 |       ||   947
       Constrict         |       |       |       |       |   148 |     1 ||   149
 Fire: Hunting sling     |    20 |     8 |     5 |       |       |       ||    33
       Blowgun           |       |    46 |    13 |       |       |       ||    59
       Shortbow          |       |       |       |     1 |       |       ||     1
       Fustibalus        |       |       |       |       |   404 |  1128 ||  1532
Throw: Stone             |       |       |       |       |     1 |       ||     1
 Cast: Freeze            |    23 |    40 |    54 |    14 |    12 |     1 ||   144
       Ozocubu's Armour  |     4 |    29 |    44 |    94 |   104 |    66 ||   341
       Throw Frost       |       |     2 |     4 |     2 |       |       ||     8
       Summon Ice Beast  |       |     1 |    27 |   117 |    34 |     5 ||   184
       Animate Skeleton  |       |       |       |    75 |    74 |       ||   149
       Regeneration      |       |       |       |    10 |    52 |    38 ||   100
       Spectral Weapon   |       |       |       |     4 |     2 |       ||     6
       Summon Lightning  |       |       |       |       |    53 |    38 ||    91
Invok: Slouch            |       |       |       |     1 |     6 |     3 ||    10
       Step From Time    |       |       |       |     1 |       |       ||     1
       Bend Time         |       |       |       |       |     1 |       ||     1
 Abil: Spit Poison       |    26 |    43 |    50 |    26 |    18 |       ||   163
Evoke: Wand              |       |       |     4 |     6 |     5 |     5 ||    20
       Box of beasts     |       |       |       |     1 |       |       ||     1
       Phial of floods   |       |       |       |       |       |     1 ||     1
  Use: Scroll            |     6 |     3 |     3 |    16 |    22 |     8 ||    58
       Potion            |       |       |       |     3 |     4 |     1 ||     8
 Stab: Sleeping          |       |     3 |     1 |     9 |     5 |       ||    18
       Invisible         |       |     1 |       |       |       |       ||     1
       Distracted        |       |       |     2 |     9 |    23 |       ||    34
  Eat: Chunk             |     4 |    15 |    10 |    33 |    14 |     4 ||    80
       Fruit             |       |     1 |     5 |     8 |     9 |       ||    23
       Royal jelly       |       |       |     1 |     3 |     5 |     2 ||    11
       Meat ration       |       |       |     2 |       |     3 |     3 ||     8
Armor: Robe              |    25 |    67 |   109 |   182 |   123 |   136 ||   642
Dodge: Dodged            |    52 |    87 |   127 |   210 |   250 |   242 ||   968
Block: Shield            |       |       |       |   128 |   406 |   353 ||   887
       Large shield      |       |       |       |       |       |    71 ||    71

Table legend:
 A = Spawn XP
 B = Non-spawn XP
 C = Spawn XP percentage of total XP
 D = Spawn monster count
 E = Non-spawn monster count
 F = Spawn count percentage of total count
 G = Total turns spent on level
                    A         B        C        D         E        F      G
               +---------+---------+-------+---------+---------+-------+---------
         Total |   82365 |  156881 |  34.4 |     371 |     792 |  31.9 | 38763
               +---------+---------+-------+---------+---------+-------+---------
           D:1 |       4 |      32 |  11.1 |       3 |      18 |  14.3 |  1203
           D:2 |       1 |      35 |   2.8 |       1 |      18 |   5.3 |   657
           D:3 |       3 |     206 |   1.4 |       2 |      35 |   5.4 |  1164
           D:4 |     228 |     209 |  52.2 |      17 |      13 |  56.7 |  2198
           D:5 |      59 |      63 |  48.4 |       3 |       6 |  33.3 |   939
           D:6 |     143 |     684 |  17.3 |       9 |      18 |  33.3 |  1479
           D:7 |     292 |     984 |  22.9 |      10 |      15 |  40.0 |  1147
           D:8 |     807 |    1379 |  36.9 |      17 |      22 |  43.6 |  1600
           D:9 |    1177 |    1614 |  42.2 |      17 |      22 |  43.6 |  1542
          D:10 |    2339 |    2194 |  51.6 |      23 |      26 |  46.9 |  2723
          D:11 |    5180 |    3863 |  57.3 |      37 |      47 |  44.0 |  1684
          D:12 |     960 |    2407 |  28.5 |      10 |      26 |  27.8 |   787
          D:13 |     914 |    4566 |  16.7 |       4 |      25 |  13.8 |   846
          D:14 |    8867 |   10661 |  45.4 |      27 |      21 |  56.2 |  1217
          D:15 |       0 |    1386 |   0.0 |       0 |      10 |   0.0 |    44
        Lair:1 |    1070 |    2714 |  28.3 |       8 |      20 |  28.6 |  1151
        Lair:2 |     332 |    3536 |   8.6 |       3 |      21 |  12.5 |  1363
        Lair:3 |    6672 |    1700 |  79.7 |      20 |      10 |  66.7 |  1330
        Lair:4 |    1521 |    1062 |  58.9 |       5 |       6 |  45.5 |   813
        Lair:5 |     990 |    1455 |  40.5 |       4 |       6 |  40.0 |   875
        Lair:6 |    2653 |    7435 |  26.3 |      14 |      38 |  26.9 |  1524
       Swamp:1 |    1982 |    6116 |  24.5 |       5 |      18 |  21.7 |   965
       Swamp:2 |    2603 |    3677 |  41.4 |       7 |      15 |  31.8 |  1045
       Swamp:3 |    1196 |    7974 |  13.0 |       5 |      15 |  25.0 |   948
       Swamp:4 |       0 |     502 |   0.0 |       0 |       2 |   0.0 |    15
      Spider:1 |    5274 |   10002 |  34.5 |      14 |      30 |  31.8 |  1405
      Spider:2 |    5476 |    8761 |  38.5 |      17 |      23 |  42.5 |   946
      Spider:3 |   10220 |    8417 |  54.8 |      19 |      22 |  46.3 |  1689
      Spider:4 |    9386 |   32779 |  22.3 |      29 |      74 |  28.2 |  2140
         Orc:1 |     161 |    1157 |  12.2 |       3 |      23 |  11.5 |   362
         Orc:2 |    1244 |   13191 |   8.6 |      13 |      63 |  17.1 |  1270
       Abyss:2 |   10611 |    7663 |  58.1 |      25 |      42 |  37.3 |   828
         Sewer |       0 |     125 |   0.0 |       0 |      11 |   0.0 |   246
         IceCv |       0 |    2319 |   0.0 |       0 |      20 |   0.0 |   268
       Volcano |       0 |    6013 |   0.0 |       0 |      11 |   0.0 |   327
               +---------+---------+-------+---------+---------+-------+---------
